 Dungeon Crawl Stone Soup version 0.27.1 (webtiles) character file.

Game seed: 2278317635280596908

181 chaosape the Cutter (level 5, -3/43 HPs)
             Began as a Gnoll Wanderer on Aug 29, 2021.
             Killed from afar by Ijyb (8 damage)
             ... with a puff of flame
             ... on level 2 of the Dungeon.
             The game lasted 00:17:10 (3532 turns).

chaosape the Cutter (Gnoll Wanderer)                Turns: 3532, Time: 00:17:11

Health: -3/43      AC:  8    Str: 11    XL:     5   Next: 61%
Magic:  9/9        EV:  5    Int: 12    God:
Gold:   91         SH:  0    Dex: 18    Spells: 9/10 levels left

rFire    . . .     SeeInvis .   a - +2 short sword
rCold    . . .     Faith    .   (no shield)
rNeg     . . .     Spirit   .   b - +0 chain mail
rPois    .         Reflect  .   (no helmet)
rElec    .         Harm     .   (no cloak)
rCorr    .         Rampage  .   (no gloves)
Will     .....                  (no boots)
Stlth    ..........             (no amulet)
HPRegen  0.14/turn              e - +6 ring of dexterity
MPRegen  0.11/turn              (no ring)

@: mighty
A: fangs 1, strong nose, distributed training
a: no special abilities


You were on level 2 of the Dungeon.
You visited 1 branch of the dungeon, and saw 3 of its levels.

You collected 91 gold pieces.

Inventory:

Hand Weapons
 a - a +2 short sword (weapon)
Missiles
 n - 65 stones
Armour
 b - a +0 chain mail (worn)
 c - a +0 robe
 i - a +0 leather armour
Jewellery
 e - a +6 ring of dexterity (left hand)
 f - a ring of ice
 j - a ring of protection from fire
Wands
 d - a wand of polymorph (2)
Scrolls
 g - a scroll of enchant weapon {unknown}
 l - a scroll of fog {unknown}
 m - a scroll of fear {unknown}
 o - a scroll of teleportation {unknown}
 p - a scroll of holy word {unknown}
Potions
 h - a potion of attraction


   Skills:
 + Level 4.8 Fighting
 + Level 6.7 Short Blades
 + Level 1.5 Long Blades
 + Level 1.5 Axes
 + Level 1.5 Maces & Flails
 + Level 1.5 Polearms
 + Level 1.5 Staves
 + Level 1.5 Slings
 + Level 1.5 Bows
 + Level 1.5 Crossbows
 + Level 1.5 Throwing
 + Level 1.5 Armour
 + Level 1.5 Dodging
 + Level 2.8 Stealth
 + Level 1.5 Shields
 + Level 1.5 Unarmed Combat
 + Level 3.2 Spellcasting
 + Level 1.2 Conjurations
 + Level 1.2 Hexes
 + Level 1.2 Summonings
 + Level 1.2 Necromancy
 + Level 1.2 Translocations
 + Level 1.2 Transmutations
 + Level 4.0 Fire Magic
 + Level 1.2 Ice Magic
 + Level 1.2 Air Magic
 + Level 1.2 Earth Magic
 + Level 1.2 Poison Magic
 + Level 1.7 Invocations
 + Level 3.0 Evocations


You had 9 spell levels left.
You knew the following spells:

 Your Spells              Type           Power      Damage    Failure   Level
a - Foxfire               Conj/Fire      32%        2x1d5     99%         1

Your spell library contained the following spells:

 Spells                   Type           Power      Damage    Failure   Level
 Conjure Flame            Conj/Fire      8%         6-21      100%        3
 Ignite Poison            Fire/Tmut/Pois 7%         N/A       100%        3
 Inner Flame              Hex/Fire       8%         N/A       100%        3


Dungeon Overview and Level Annotations

Branches:
Dungeon (3/15)

Altars:
Ashenzari
Ru

Shops:
D:1 !

Annotations:
D:2 Ijyb


Innate Abilities, Weirdness & Mutations

You have very sharp teeth.
Your uncanny sense of smell can sniff out nearby items.
Your experience applies equally to all skills.


Message History

Ijyb hits you with a +0 club!
It was a potion of curing.
You feel better. Ijyb hits you with a +0 club. x2
Ijyb barely misses you.
Ijyb rages.
Ijyb hits you with a +0 club. Ijyb hits you with a +0 club.
* * * LOW HITPOINT WARNING * * *
An iguana and a goblin come into view.
The iguana hisses angrily.
The endoplasm quivers.
The goblin shouts!
Ijyb hits you but does no damage.
Ijyb rages.
Ijyb barely misses you.
There is an escape hatch in the ceiling here.
Ijyb hits you but does no damage. A mysterious force pulls you upwards.
The hatch slams shut behind you. Ijyb hits you but does no damage.
Ijyb is no longer berserk.
Ijyb hits you with a +0 club.
* * * LOW HITPOINT WARNING * * *
It was a potion of might.
You feel very mighty all of a sudden.
You closely miss Ijyb. Your bite misses Ijyb.
Ijyb is lightly wounded.
Ijyb closely misses you.
You hit Ijyb.
Ijyb is moderately wounded.
You hit Ijyb.
Ijyb is heavily wounded.
Ijyb hits you but does no damage.
You barely miss Ijyb.
Ijyb is heavily wounded.
You closely miss Ijyb. You bite Ijyb, but do no damage.
Ijyb is heavily wounded.
Ijyb hits you with a +0 club.
* * * LOW HITPOINT WARNING * * *
Ijyb looks more energetic.
Ijyb screams, "Get away!"
Ijyb zaps a wand.
The puff of flame hits you!
You die...

#.##.# #.# #.######.#####
#.##.# #.# #.# #...>##.
#.##.# #.# #.# #.##.#..
#.##.# #.# #.# #.##....
#.##.# #.###.#####.####..
#.##.# #.#...........###.
#.##.# #.#.#.#####.#.####
#.##.# #!#.#..........# #
#.##.# #@#>#..####.#..#
#.##.# #.......###.#..###
#.##.# ###.#g..#.........
#.##.# #...............
#.##.# #.#..........###
#.##.# #.##.#.......##
#.##.## ##.##..#.......##
####...####................
#≈≈≈≈≈≈≈≈##..............##


You could see Ijyb.

Vanquished Creatures
  Natasha (thrice) (D:3)
  An orc wizard (D:3)
  3 adders
  2 worms (D:2)
  3 orcs (D:3)
  8 bats
  3 endoplasms (D:2)
  A giant cockroach (D:2)
  2 goblins (D:2)
  2 hobgoblins
  4 jackals (D:1)
  2 kobolds
  2 quokkas (D:2)
  4 ball pythons
  5 frilled lizards
  4 rats
49 creatures vanquished.

Notes
Turn   | Place    | Note
-------+----------+-------------------------------------------
     0 | D:1      | chaosape the Gnoll Wanderer began the quest for the Orb.
     0 | D:1      | chaosape set off with the following items: a +2 short
                  | sword, a potion of lignification, a +0 robe; and the
                  | following spell memorised: Foxfire; and the following
                  | spells available to memorise: Ignite Poison
     0 | D:1      | Reached XP level 1. HP: 20/20 MP: 4/4
     3 | D:1      | Noticed an electric eel
     4 | D:1      | Noticed an electric eel
   538 | D:1      | Reached XP level 2. HP: 26/26 MP: 5/5
   567 | D:1      | Found Wysodu's Distillery.
   990 | D:1      | Reached XP level 3. HP: 13/31 MP: 7/7
  1810 | D:2      | Reached skill level 1 in Invocations
  1861 | D:2      | Reached skill level 1 in Long Blades
  1861 | D:2      | Reached skill level 1 in Axes
  1861 | D:2      | Reached skill level 1 in Maces & Flails
  1861 | D:2      | Reached skill level 1 in Polearms
  1861 | D:2      | Reached skill level 1 in Staves
  1861 | D:2      | Reached skill level 1 in Slings
  1861 | D:2      | Reached skill level 1 in Bows
  1861 | D:2      | Reached skill level 1 in Crossbows
  1861 | D:2      | Reached skill level 1 in Throwing
  1861 | D:2      | Reached skill level 1 in Armour
  1861 | D:2      | Reached skill level 1 in Dodging
  1861 | D:2      | Reached skill level 1 in Shields
  1861 | D:2      | Reached skill level 1 in Unarmed Combat
  2367 | D:2      | Reached XP level 4. HP: 17/38 MP: 8/8
  2872 | D:3      | Noticed Natasha
  2950 | D:3      | Killed Natasha
  2951 | D:3      | Reached skill level 1 in Conjurations
  2951 | D:3      | Reached skill level 1 in Hexes
  2951 | D:3      | Reached skill level 1 in Summonings
  2951 | D:3      | Reached skill level 1 in Necromancy
  2951 | D:3      | Reached skill level 1 in Translocations
  2951 | D:3      | Reached skill level 1 in Transmutations
  2951 | D:3      | Reached skill level 1 in Ice Magic
  2951 | D:3      | Reached skill level 1 in Air Magic
  2951 | D:3      | Reached skill level 1 in Earth Magic
  2951 | D:3      | Reached skill level 1 in Poison Magic
  3156 | D:3      | Noticed Natasha
  3167 | D:3      | Killed Natasha
  3168 | D:3      | Reached XP level 5. HP: 43/43 MP: 9/9
  3170 | D:3      | Noticed Natasha
  3183 | D:3      | Killed Natasha
  3235 | D:3      | Found a sacrificial altar of Ru.
  3259 | D:3      | Found a broken altar of Ashenzari.
  3486 | D:3      | Noticed Ijyb
  3532 | D:2      | Killed from afar by Ijyb

Illustrated notes

Levels and vault maps discovered:
D:1:      arrival_aquarium_b, layout_rooms, serial_shops, nicolae_square_shop
D:2:      minmay_chambers_of_ones, layout_loops_ring,
          chequers_serial_rivers_micro_a, minmay_misc_feat_pillars,
          chequers_serial_rivers_large_b, kennysheep_generic_room_13
D:3:      layout_basic, mainiacjoe_overflow_large_starburst, uniq_terence,
          uniq_natasha, uniq_ijyb, uniq_grinder

Skill      XL: |  1  2  3  4  5 |
---------------+----------------+-----
Invocations    | 1 |  1.7
Long Blades    | 1 |  1.5
Axes           | 1 |  1.5
Maces & Flails | 1 |  1.5
Polearms       | 1 |  1.5
Staves         | 1 |  1.5
Slings         | 1 |  1.5
Bows           | 1 |  1.5
Crossbows      | 1 |  1.5
Throwing       | 1 |  1.5
Armour         | 1 |  1.5
Dodging        | 1 |  1.5
Shields        | 1 |  1.5
Unarmed Combat | 1 |  1.5
Spellcasting   | 3 |  3.2
Conjurations   | 1 |  1.2
Hexes          | 1 |  1.2
Summonings     | 1 |  1.2
Necromancy     | 1 |  1.2
Translocations | 1 |  1.2
Transmutations | 1 |  1.2
Ice Magic      | 1 |  1.2
Air Magic      | 1 |  1.2
Earth Magic    | 1 |  1.2
Poison Magic   | 1 |  1.2
Evocations     | 3 |  3.0
Fire Magic     | 4 |  4.0
Fighting       | |  4.8
Short Blades   | |  6.7
Stealth        | |  2.8

Action                   |  1- 3 |  4- 6 || total
-------------------------+-------+-------++-------
Melee: Short sword       |   126 |    64 ||   190
       Bite              |     9 |     3 ||    12
       Unarmed           |       |     8 ||     8
Throw: Stone             |     2 |     4 ||     6
  Use: Potion            |     1 |     2 ||     3
       Scroll            |     3 |       ||     3
 Stab: Distracted        |     1 |       ||     1
Armor: Robe              |     3 |       ||     3
       Leather armour    |    13 |       ||    13
       Skin              |     5 |       ||     5
       Chain mail        |    24 |    41 ||    65
Dodge: Dodged            |    50 |    17 ||    67
